 Dungeon Crawl Stone Soup version 0.23.2-1-ga50397a6bc (webtiles) character file.

Game seed: 11786797178481608445

151 Masnef the Chopper (level 5, -1/51 HPs)
             Began as a Hill Orc Monk on June 2, 2019.
             Was a Believer of Beogh.
             Slain by a gnoll
             ... wielding a +0 spear
              (3 damage)
             ... on level 3 of the Dungeon.
             The game lasted 00:06:07 (2464 turns).

Masnef the Chopper (Hill Orc Monk)                  Turns: 2464, Time: 00:06:07

Health: -1/51      AC:  5    Str: 13    XL:     5   Next: 33%
Magic:  5/5        EV: 13    Int: 10    God:    Beogh [**....]
Gold:   130        SH:  0    Dex: 13    Spells: 4/4 levels left

rFire    . . .     SeeInvis +   a - +0 hand axe
rCold    + . .     Gourm    .   (no shield)
rNeg     + . .     Faith    .   h - +0 ring mail
rPois    .         Spirit   .   (no helmet)
rElec    .         Reflect  .   (no cloak)
rCorr    .         Harm     .   (no gloves)
MR       .....                  (no boots)
Stlth    +.........             i - amulet of rage
HPRegen  0.17/turn              u - ring of see invisible
MPRegen  0.09/turn              t - ring of positive energy

@: berserk cooldown, slowed, very slow
A: repulsion field 1, cold resistance 1, robust 1, weak 1
a: Smiting, Renounce Religion, Evoke Berserk Rage


You were on level 3 of the Dungeon.
You worshipped Beogh.
Beogh was pleased with you.
You were not hungry.

You visited 1 branch of the dungeon, and saw 3 of its levels.

You collected 130 gold pieces.

Inventory:

Hand Weapons
 a - a +0 hand axe (weapon)
Missiles
 q - 8 tomahawks (quivered)
Armour
 b - a +0 robe
 h - a +0 ring mail (worn)
Jewellery
 i - an amulet of rage (around neck)
 o - an uncursed ring of fire
 s - an uncursed amulet of guardian spirit {unknown}
 t - a ring of positive energy (right hand)
 u - a ring of see invisible (left hand)
Scrolls
 e - a scroll of remove curse {unknown}
 f - a scroll of blinking
 l - 4 scrolls of identify
 r - a scroll of enchant weapon {unknown}
 v - a scroll of magic mapping {unknown}
Potions
 g - 2 potions of lignification
 k - a potion of heal wounds
 n - a potion of degeneration {unknown}
Comestibles
 c - 5 rations


   Skills:
 + Level 4.7 Fighting
 + Level 5.5 Axes
 + Level 1.4 Armour
 + Level 3.0 Dodging
 - Level 1.5 Stealth
 * Level 1.1 Invocations
 * Level 0.9 Evocations


You had 4 spell levels left.
You didn't know any spells.
Your spell library was empty.

Dungeon Overview and Level Annotations

Branches:
Dungeon (3/15)

Altars:
Xom


Innate Abilities, Weirdness & Mutations

You are surrounded by a mild repulsion field. (EV +2)
Your flesh is cold resistant. (rC+)
You are robust. (+10% HP)
You are weak. (Str -2)


Message History

The orc priest looks encouraged for a moment.
The gnoll hits you from afar with a +0 spear.
A gnoll comes into view. It is wielding a +0 flail.
The gnoll hits you with a +0 spear.
The gnoll shouts!
The gnoll hits you from afar with a +0 spear. x2
A gnoll comes into view. It is wielding a +0 club.
The orc priest invokes the aid of Beogh against you.
Beogh smites you! The gnoll closely misses you.
The orc priest invokes the aid of Beogh against you.
Pain shoots through your body!
The gnoll shouts!
The orc priest invokes the aid of Beogh against you.
Pain shoots through your body!
* * * LOW HITPOINT WARNING * * *
The orc priest calls down the wrath of Beogh upon you.
Beogh smites you!
* * * LOW HITPOINT WARNING * * *
The gnoll hits you from afar with a +0 spear.
You die...

.. #....≈≈≈≈≈≈≈≈≈≈≈≈≈≈≈
###..#....≈≈≈≈≈≈≈≈≈≈≈≈≈≈≈
.#....#.....P............g
..........................
#........#.........###..#
#...........g.g....)÷)...
#..........o.......####.#
#........).........# #..
#......<@.gg.......####..
#........................
#........................
#..................#.....
######.##..............#.
##.##....>...(..##...
#...#..............).
#...##...............
#...........#........


You could see an orc priest and 4 gnolls.

Vanquished Creatures
  4 gnolls (D:3)
  4 adders
  An ooze (D:2)
  A worm (D:2)
  5 dart slugs
  A leopard gecko (D:1)
  4 giant cockroaches
  9 goblins
  5 hobgoblins
  8 jackals (D:3)
  5 kobolds
  2 quokkas
  2 bats
  A frilled lizard (D:2)
  3 rats
55 creatures vanquished.

Vanquished Creatures (others)
  An orc wizard (D:3)
  3 orcs (D:3)
  A frilled lizard (D:3)
5 creatures vanquished.

Grand Total: 60 creatures vanquished

Notes
Turn   | Place    | Note
-------+----------+-------------------------------------------
     0 | D:1      | Masnef the Hill Orc Monk began the quest for the Orb.
     0 | D:1      | Reached XP level 1. HP: 19/19 MP: 1/1
   153 | D:1      | Reached XP level 2. HP: 20/27 MP: 2/2
   162 | D:1      | HP: 1/27 [goblin (3)]
  1239 | D:2      | Reached XP level 3. HP: 33/33 MP: 3/3
  1450 | D:2      | Reached skill level 5 in Axes
  1450 | D:2      | Reached XP level 4. HP: 40/41 MP: 4/4
  1658 | D:2      | Reached skill level 1 in Armour
  1854 | D:3      | Found a shimmering altar of Xom.
  1856 | D:3      | Became a worshipper of Beogh the Brigand
  1856 | D:3      | Reached * piety under Beogh
  1856 | D:3      | Reached ** piety under Beogh
  2126 | D:3      | Reached XP level 5. HP: 47/47 MP: 1/5
  2129 | D:3      | Reached skill level 1 in Invocations
  2153 | D:3      | Gained mutation: Your flesh is cold resistant. (rC+)
                  | [potion of mutation]
  2153 | D:3      | Gained mutation: You are weak. (Str -2) [potion of
                  | mutation]
  2153 | D:3      | Gained mutation: You are robust. (+10% HP) [potion of
                  | mutation]
  2153 | D:3      | Gained mutation: You are surrounded by a mild repulsion
                  | field. (EV +2) [potion of mutation]
  2464 | D:3      | HP: 2/51 [orc priest/divine providence (11)]
  2464 | D:3      | Slain by a gnoll

Skill      XL: |  1  2  3  4  5 |
---------------+----------------+-----
Fighting       | 4 |  4.7
Axes           | 5 |  5.5
Armour         | 1 |  1.4
Invocations    | 1 |  1.1
Dodging        | 3 |  3.0
Stealth        | |  1.5
Evocations     | |  0.9

Action                   |  1- 3 |  4- 6 || total
-------------------------+-------+-------++-------
Melee: Hand axe          |    89 |   106 ||   195
Invok: Smiting           |       |     1 ||     1
       Convert to Beogh  |       |     1 ||     1
 Abil: Evoke Berserk Rag |       |     2 ||     2
  Use: Potion            |       |     4 ||     4
       Scroll            |       |     3 ||     3
 Stab: Sleeping          |     1 |       ||     1
  Eat: Chunk             |     2 |     3 ||     5
       Ration            |       |     1 ||     1
Armor: Robe              |     5 |       ||     5
       Ring mail         |    14 |    40 ||    54
       Skin              |       |    29 ||    29
Dodge: Dodged            |    57 |    87 ||   144
